 Dungeon Crawl Stone Soup version 0.27.1-1-g398f81649c (webtiles) character file.

Game seed: 8279978193905937382

30 101zpm the Covered (level 3, -3/23 HPs)
             Began as a Gargoyle Fighter on Sept 19, 2021.
             Slain by Sigmund (7 damage)
             ... on level 2 of the Dungeon.
             The game lasted 00:01:15 (1123 turns).

101zpm the Covered (Gargoyle Fighter)               Turns: 1123, Time: 00:01:15

Health: -3/23      AC: 10    Str: 19    XL:     3   Next: 20%
Magic:  3/3        EV:  7    Int:  8    God:
Gold:   41         SH:  9    Dex: 10    Spells: 2/2 levels left

rFire    . . .     SeeInvis .   a - +0 flail
rCold    . . .     Faith    .   c - +0 kite shield
rNeg     + . .     Spirit   .   b - +0 scale mail
rPois    ∞         Reflect  .   (no helmet)
rElec    +         Harm     .   (no cloak)
rCorr    .         Rampage  .   (no gloves)
Will     .....                  (no boots)
Stlth    ..........             (no amulet)
HPRegen  0.07/turn              (no ring)
MPRegen  0.08/turn              (no ring)

@: no status effects
A: sickness immunity, AC +3, negative energy resistance 1, electricity
resistance, torment resistance 1, petrification resistance
a: no special abilities


You were on level 2 of the Dungeon.
You visited 1 branch of the dungeon, and saw 2 of its levels.

You collected 41 gold pieces.

Inventory:

Hand Weapons
 a - a +0 flail (weapon)
Missiles
 k - 54 poisoned darts (quivered)
 l - 30 bolts
 m - 12 stones
Armour
 b - a +0 scale mail (worn)
 c - a +0 kite shield (worn)
 j - a +1 helmet
Jewellery
 h - an amulet of guardian spirit
 o - a +6 ring of dexterity
Scrolls
 e - 2 scrolls of identify {unknown}
 i - 2 scrolls of enchant weapon {unknown}
 n - a scroll of magic mapping {unknown}
Potions
 d - a potion of might
 f - a potion of magic {unknown}
 g - a potion of lignification {unknown}
 p - a potion of attraction {unknown}


   Skills:
 + Level 3.5 Fighting
 + Level 2.4 Maces & Flails
 + Level 3.7 Armour
 + Level 0.2 Dodging
 + Level 3.6 Shields


You had 2 spell levels left.
You didn't know any spells.
Your spell library was empty.

Dungeon Overview and Level Annotations

Branches:
Dungeon (2/15)

Altars:

Annotations:
D:2 Sigmund


Innate Abilities, Weirdness & Mutations

You are immune to sickness and miasma.
Your stone body is resilient. (AC +3)
You are immune to poison.
You resist negative energy. (rN+)
You are resistant to electric shocks. (rElec)
You are resistant to unholy torment.
You are immune to petrification.


Message History

No target in view!
No target in view!
No target in view!
No target in view!
No target in view!
No target in view!
No target in view!
No target in view!
No target in view!
No target in view!
No target in view!
No target in view!
A bat comes into view.
Something hits you!
A bat comes into view.
The bat closely misses you.
You hear some strange, mumbled words.
Something tries to affect you, but you resist.
The bat moves out of view.
You barely miss something. The bat barely misses you.
The bat closely misses you. Something hits you but does no damage.
The bat hits you.
You hear some strange, mumbled words.
Something tries to affect you, but you resist.
You barely miss something. You block the bat's attack.
The bat hits you but does no damage. Something hits you but does no damage.
The bat barely misses you.
You miss something. The bat hits you but does no damage.
You block the bat's attack. Something completely misses you.
Something hits you.
You hit something but do no damage. You block the bat's attack.
Something hits you but does no damage.
You miss something. The bat closely misses you. Something hits you.
* * * LOW HITPOINT WARNING * * *
The bat hits you.
* * * LOW HITPOINT WARNING * * *
Something completely misses you.
You barely miss something. The bat closely misses you.
The bat barely misses you. Something hits you!
You die...

#<..>.##.# #.###....#
...# #.......## #...###
#######.# ......
#....†..# ....#
#.####### ....# ..######
###### ....#
..#....####....##bb..#
###.##.#........@{...#
...............###......
###.###..).....# .....
#.##.........# ....
#............# ...
###..######### .. #..# .
#..# #..####


You could see 2 bats.

Vanquished Creatures
  A worm (D:2)
  2 endoplasms (D:1)
  2 giant cockroaches
  3 goblins
  2 hobgoblins (D:1)
  3 kobolds (D:1)
  3 ball pythons (D:1)
  3 bats (D:1)
  3 frilled lizards (D:1)
  5 rats (D:1)
27 creatures vanquished.

Notes
Turn   | Place    | Note
-------+----------+-------------------------------------------
     0 | D:1      | 101zpm the Gargoyle Fighter began the quest for the Orb.
     0 | D:1      | Reached XP level 1. HP: 14/14 MP: 1/1
   212 | D:1      | Reached XP level 2. HP: 19/19 MP: 2/2
   556 | D:1      | Reached XP level 3. HP: 23/23 MP: 3/3
   986 | D:2      | Found a faded altar of an unknown god.
  1113 | D:2      | Noticed Sigmund
  1123 | D:2      | Slain by Sigmund

Illustrated notes

Levels and vault maps discovered:
D:1:      dpeg_arrival_shrine, layout_rooms, serial_bayou_pond_d,
          grunt_decor_one_mirror
D:2:      layout_basic, shapermc_ecumenical_altar_acropolis, uniq_jessica,
          uniq_sigmund

Action                   || total
-------------------------++-------
Melee: Flail             ||    83
Armor: Scale mail        ||    60
Dodge: Dodged            ||    46
Block: Kite shield       ||    46
